 Dungeon Crawl Stone Soup version 0.23.1-38-g628c18f (webtiles) character file.

Game seed: 2740570088837932344

1857 Borgoz the Sneak (level 8, -5/60 HPs)
             Began as a Demonspawn Assassin on Mar 28, 2019.
             Was a Follower of Ashenzari.
             Slain by Menkaure (15 damage)
             ... on level 7 of the Dungeon.
             The game lasted 00:12:15 (5317 turns).

Borgoz the Sneak (Demonspawn Assassin)              Turns: 5317, Time: 00:12:16

Health: -5/60      AC: 14    Str: 21    XL:     8   Next: 89%
Magic:  10/10      EV: 14    Int: 14    God:    Ashenzari [*.....]
Gold:   301        SH:  0    Dex: 14    Spells: 7/7 levels left

rFire    . . .     SeeInvis .   C - +0 dagger (venom)
rCold    . . .     Gourm    .   (no shield)
rNeg     . . .     Faith    .   c - +0 robe
rPois    .         Spirit   .   w - +0 helmet
rElec    .         Reflect  .   d - +0 cloak
rCorr    .         Harm     .   (no gloves)
MR       .....                  (boots unavailable)
Stlth    ++........             p - amulet of rage
HPRegen  0.20/turn              l - +4 ring of protection
MPRegen  0.12/turn              x - +3 ring of strength (curse)

@: mighty, sanguine armour, hasted, very quick
A: hooves 3, spiny 1, sanguine armour 1
a: Curse Item, Scrying, Renounce Religion, Evoke Berserk Rage


You were on level 7 of the Dungeon.
You worshipped Ashenzari.
Ashenzari was aware of your devotion.
You were hungry.

You visited 2 branches of the dungeon, and saw 8 of its levels.

You collected 301 gold pieces.

Inventory:

Hand Weapons
 a - a +2 dagger
 b - a +0 blowgun
 q - a +0 rapier
 C - a +0 dagger of venom (weapon)
 H - a +0 rapier
Missiles
 e - 35 poisoned needles
 f - 2 curare-tipped needles
Armour
 c - a +0 robe (worn)
 d - a +0 cloak (worn)
 w - a +0 helmet (worn)
 D - a +0 helmet
Jewellery
 l - a +4 ring of protection (left hand)
 p - an amulet of rage (around neck)
 v - an uncursed ring of wizardry
 x - a cursed +3 ring of strength (right hand)
 J - an uncursed ring of magical power
Wands
 y - a wand of scattershot (1)
 G - a wand of clouds (5)
Scrolls
 h - 4 scrolls of teleportation {unknown}
 i - 8 scrolls of identify {unknown}
 j - 2 scrolls of blinking {unknown}
 m - a scroll of magic mapping {unknown}
 o - 2 scrolls of fog {unknown}
 r - 5 scrolls of remove curse
 t - a scroll of enchant weapon {unknown}
 u - a scroll of random uselessness {unknown}
 E - a scroll of noise {unknown}
 F - a scroll of enchant armour {unknown}
 I - a scroll of fear {unknown}
Potions
 k - a potion of might
 n - a potion of degeneration {unknown}
 s - a potion of brilliance {unknown}
 z - a potion of haste
 B - 2 potions of agility {unknown}
 K - a potion of lignification {unknown}
Comestibles
 g - 12 rations


   Skills:
 + Level 4.0 Fighting
 * Level 4.8 Short Blades
 + Level 3.7 Throwing
 * Level 4.4 Armour
 * Level 4.5 Dodging
 - Level 5.0 Stealth
 + Level 3.9 Evocations


You had 7 spell levels left.
You didn't know any spells.
Your spell library was empty.

Dungeon Overview and Level Annotations

Branches:
Dungeon (7/15)             Temple (1/1) D:4

Altars:
Ashenzari
Cheibriados
Elyvilon
Fedhas
Gozag
Hepliaklqana
Kikubaaqudgha
Makhleb
Nemelex Xobeh
Okawaru
Qazlal
Ru
Sif Muna
Trog
Uskayaw
Vehumet
Wu Jian
Xom
Zin
The Shining One

Annotations:
D:7 Menkaure


Innate Abilities, Weirdness & Mutations

You have hooves in place of feet.
You are partially covered in sharp spines.
When seriously injured, your bleeding wounds create armour. (AC +6)


Message History

Menkaure calls on the powers of darkness!
The giant cockroach convulses!
Your body is wracked with pain!
Your blood congeals into armour.
The black bear growls angrily.
Found 6 poisoned javelins.
Menkaure hits you! Menkaure casts a spell at you.
You struggle to resist.
It was a potion of might.
You feel very mighty all of a sudden. Menkaure hits you!
* * * LOW HITPOINT WARNING * * *
It was a potion of haste.
You feel yourself speed up. Menkaure is struck by your spines.
Menkaure completely misses you. The giant cockroach bites you.
* * * LOW HITPOINT WARNING * * *
You hit Menkaure. You kick Menkaure!
Menkaure is severely damaged.
Menkaure is struck by your spines. Menkaure hits you!
You die...

#.#.# ##. .#.##
.. ....# .. ...
. .Z. #.#h#
...##.#M#####.#
..(....@s.....#
......#.#######
#.### #.# #.###
#...# ###.# #.#
#.# #.#


You could see a black bear, Menkaure, a giant cockroach and a bullfrog skeleton.

Vanquished Creatures
  Grinder (D:3)
  Duvessa (D:6)
  A sky beast (D:6)
  A black bear (D:6)
  2 phantoms
  2 ogres (D:4)
  A centaur (D:6)
  Blork the orc (D:5)
  A bullfrog (D:6)
  Dowan (D:6)
  A scorpion (D:4)
  A howler monkey (D:4)
  2 crimson imps
  An orc priest (D:4)
  6 hounds
  2 orc wizards (D:4)
  Ijyb (D:3)
  A centaur skeleton (D:6)
  An iguana (D:4)
  Natasha (thrice) (D:3)
  8 adders
  An ooze (D:1)
  An adder skeleton (D:4)
  2 worms (D:2)
  3 dart slugs
  5 leopard geckos
  10 orcs
  3 ball pythons
  A giant cockroach (D:4)
  5 goblins
  6 hobgoblins
  7 jackals
  4 kobolds
  3 quokkas (D:4)
  5 bats
  8 frilled lizards
  A giant cockroach zombie (D:5)
  A leopard gecko zombie (D:5)
  12 rats
117 creatures vanquished.

Notes
Turn   | Place    | Note
-------+----------+-------------------------------------------
     0 | D:1      | Borgoz the Demonspawn Assassin began the quest for the Orb.
     0 | D:1      | Reached XP level 1. HP: 16/16 MP: 1/1
    45 | D:1      | Reached skill level 1 in Dodging
   255 | D:1      | Gained mutation: You have large cloven feet. [demonic
                  | ancestry]
   255 | D:1      | Reached XP level 2. HP: 20/22 MP: 2/2
   698 | D:1      | Reached skill level 1 in Armour
   698 | D:1      | Reached XP level 3. HP: 27/27 MP: 3/3
  1317 | D:2      | Found a sparkling altar of Nemelex Xobeh.
  1437 | D:2      | Gained mutation: You have hoof-like feet. [demonic
                  | ancestry]
  1437 | D:2      | Reached XP level 4. HP: 33/33 MP: 4/4
  2042 | D:3      | Found a faded altar of an unknown god.
  2165 | D:3      | Noticed Natasha
  2185 | D:3      | Killed Natasha
  2426 | D:3      | Noticed Grinder
  2450 | D:3      | Killed Grinder
  2450 | D:3      | Reached skill level 4 in Stealth
  2450 | D:3      | Reached skill level 1 in Evocations
  2450 | D:3      | Gained mutation: You are partially covered in sharp spines.
                  | [demonic ancestry]
  2450 | D:3      | Reached XP level 5. HP: 39/39 MP: 4/6
  2450 | D:3      | Gained mutation: You have hooves in place of feet. [demonic
                  | ancestry]
  2450 | D:3      | Reached XP level 6. HP: 46/46 MP: 4/7
  2470 | D:3      | Noticed Natasha
  2491 | D:3      | Killed Natasha
  2620 | D:3      | Noticed Ijyb
  2632 | D:3      | Killed Ijyb
  2884 | D:3      | Noticed Natasha
  2889 | D:3      | Killed Natasha
  2938 | D:3      | Found a blossoming altar of Fedhas.
  3057 | D:4      | Gained mutation: When seriously injured, your bleeding
                  | wounds create armour. (AC +6) [demonic ancestry]
  3057 | D:4      | Reached XP level 7. HP: 46/52 MP: 8/8
  3124 | D:4      | Found a staircase to the Ecumenical Temple.
  3240 | Temple   | Entered the Ecumenical Temple
  3413 | Temple   | Became a worshipper of Ashenzari the Shackled
  3617 | D:4      | Found a faded altar of an unknown god.
  3617 | D:4      | Found a radiant altar of Vehumet.
  3622 | D:4      | Found a faded altar of an unknown god.
  3624 | D:4      | Found a deep blue altar of Sif Muna.
  3625 | D:4      | Found an ornate altar of the Wu Jian Council.
  3903 | D:5      | Entered Level 5 of the Dungeon
  3993 | D:5      | Noticed Blork the orc
  4005 | D:5      | Killed Blork the orc
  4005 | D:5      | Reached XP level 8. HP: 52/58 MP: 10/10
  4147 | D:5      | Found a bloodstained altar of Trog.
  4601 | D:6      | Found a shattered altar of Ashenzari.
  4870 | D:6      | Reached * piety under Ashenzari
  4891 | D:6      | Noticed Dowan
  4892 | D:6      | Noticed Duvessa
  4902 | D:6      | Killed Duvessa
  4902 | D:6      | Reached skill level 5 in Stealth
  4905 | D:6      | Killed Dowan
  5310 | D:7      | Noticed Menkaure
  5317 | D:7      | Slain by Menkaure

Skill      XL: |  1  2  3  4  5  6  7  8 |
---------------+-------------------------+-----
Dodging        | 1 2 3 4 |  4.5
Short Blades   | 2 3 4 |  4.8
Throwing       | 2 3 |  3.7
Armour         | 1 2 3 4 |  4.4
Stealth        | 4 5 |  5.0
Evocations     | 1 2 3 |  3.9
Fighting       | 3 4 |  4.0

Action                   |  1- 3 |  4- 6 |  7- 9 || total
-------------------------+-------+-------+-------++-------
Melee: Dagger            |   116 |   101 |   155 ||   372
       Kick              |    21 |    26 |    35 ||    82
 Abil: Evoke Berserk Rag |       |     1 |     1 ||     2
Evoke: Wand              |       |     1 |     1 ||     2
  Use: Potion            |       |       |     2 ||     2
 Stab: Sleeping          |     5 |     3 |    10 ||    18
       Distracted        |       |     1 |       ||     1
  Eat: Chunk             |     2 |     2 |     8 ||    12
       Ration            |       |     1 |       ||     1
Armor: Robe              |    29 |    17 |    29 ||    75
Dodge: Dodged            |    76 |    36 |    87 ||   199
